 Dungeon Crawl Stone Soup version 0.28.0-53-g5a82cb258f (webtiles) character file.

Game seed: 11770596043468627894

212 Zeld the Chopper (level 5, -3/48 HPs)
             Began as a Minotaur Berserker on June 10, 2022.
             Was a Believer of Trog.
             Slain by a scorpion (8 damage)
             ... on level 4 of the Dungeon.
             The game lasted 00:02:33 (3151 turns).

Zeld the Chopper (Minotaur Berserker)               Turns: 3151, Time: 00:02:33

Health: -3/48      AC:  3    Str: 23    XL:     5   Next: 58%
Magic:  4/4        EV: 12    Int:  4    God:    Trog [**....]
Gold:   44         SH:  0    Dex: 10    Spells: 4/4 levels left

rFire   . . .      SeeInvis .   n - +2 whip (freeze)
rCold   . . .      Faith    .   (no shield)
rNeg    . . .      Spirit   .   b - +0 animal skin
rPois   .          Reflect  .   (helmet restricted)
rElec   .          Harm     .   e - +0 cloak
rCorr   .          Rampage  .   (no gloves)
Will    .....                   (no boots)
Stlth   +.........              (no amulet)
HPRegen 0.16/turn               (no ring)
MPRegen 0.09/turn               (no ring)

@: very slow
A: horns 2, retaliatory headbutt
a: Renounce Religion, Berserk, Trog's Hand


You were on level 4 of the Dungeon.
You worshipped Trog.
Trog was pleased with you.
You visited 1 branch of the dungeon, and saw 4 of its levels.

You collected 44 gold pieces.

Inventory:

Hand Weapons
 a - a +1 hand axe of draining
 n - a +2 whip of freezing (weapon)
Armour
 b - a +0 animal skin (worn)
 e - a +0 cloak (worn)
Scrolls
 d - a scroll of blinking {unknown}
 f - a scroll of enchant weapon {unknown}
 g - a scroll of torment {unknown}
 k - a scroll of identify {unknown}
 l - a scroll of teleportation {unknown}
Potions
 c - a potion of berserk rage {unknown}
 h - a potion of heal wounds {unknown}
 i - a potion of might {unknown}
 j - a potion of mutation {unknown}
 m - a potion of curing {unknown}
 o - a potion of brilliance {unknown}


   Skills:
 * Level 5.3 Fighting
 * Level 5.4 Axes
 + Level 3.4 Armour
 + Level 3.3 Dodging


You had 4 spell levels left.
You didn't know any spells.
Your spell library was empty.

Dungeon Overview and Level Annotations

Branches:
Dungeon (4/15)
 Temple: D:4-7

Altars:
Cheibriados
Ru


Innate Abilities, Weirdness & Mutations

You have a pair of horns on your head.
You reflexively headbutt those who attack you in melee.


Message History

The scorpion closely misses you. The gnoll barely misses you.
You furiously retaliate!
You headbutt the gnoll. The gnoll misses you. You furiously retaliate!
You headbutt the gnoll.
You kill the gnoll!
Trog accepts your kill. The scorpion stings you.
A river rat comes into view.
The gnoll misses you.
A worm comes into view.
The gnoll hits you from afar with a +0 halberd.
The gnoll misses you. You furiously retaliate!
You headbutt the gnoll! The gnoll closely misses you. You furiously retaliate!
You headbutt the gnoll. The scorpion barely misses you.
The gnoll barely misses you. The gnoll hits you but does no damage.
You enter the shallow water.
Moving in this stuff is going to be slow.
The scorpion stings you.
You are poisoned.
The scorpion poisons you!
A river rat comes into view.
You feel very sick. The river rat barely misses you. You furiously retaliate!
You headbutt the river rat. The river rat barely misses you.
The scorpion misses you.
The worm splashes around in the water.
You feel sick.
Your unstable footing causes you to fumble your attack.
You feel sick. The river rat bites you!
* * * LOW HITPOINT WARNING * * *
The scorpion misses you.
You hit the river rat. You freeze the river rat.
The river rat is almost dead.
You feel sick.
The river rat bites you but does no damage.
The scorpion splashes around in the water.
Unknown command.
You feel sick.
You are no longer poisoned.
The scorpion stings you!
You die...

#.).#...#
#...#...#
####.......###..#
≈≈#.†..........#
#≈#g............
#≈#≈.........$.#
#rr≈g...........
#s#≈..##.../...#
#@g≈..#.?......###
#≈#...##......<..#
#≈≈≈..#...[.......
#≈≈.......$.....#.
######.....##.####
#### ## ##. #..
..... ......


You could see a scorpion, 3 gnolls and 2 river rats.

Vanquished Creatures
  An ogre (D:4)
  A mummy (D:3)
  A gnoll (D:4)
  5 adders
  An adder skeleton (D:2)
  A worm (D:2)
  7 bats
  4 endoplasms
  3 giant cockroaches
  A goblin (D:1)
  7 hobgoblins
  9 kobolds
  3 quokkas
  6 ball pythons
  4 frilled lizards (D:1)
  5 rats
59 creatures vanquished.

Notes
Turn   | Place    | Note
-------+----------+-------------------------------------------
     0 | D:1      | Zeld the Minotaur Berserker began the quest for the Orb.
     0 | D:1      | Reached XP level 1. HP: 19/19 MP: 0/0
   215 | D:1      | Reached XP level 2. HP: 27/27 MP: 1/1
   356 | D:1      | Found a faded altar of an unknown god.
   517 | D:1      | Reached ** piety under Trog
   619 | D:1      | Reached XP level 3. HP: 25/33 MP: 2/2
  2042 | D:3      | Found a snail-covered altar of Cheibriados.
  2052 | D:3      | Reached XP level 4. HP: 20/41 MP: 3/3
  2285 | D:3      | Found a sacrificial altar of Ru.
  2837 | D:3      | You fall into a shaft and drop 1 floor!
  2854 | D:4      | Noticed a black bear
  3051 | D:4      | Noticed an ogre
  3059 | D:4      | Killed an ogre
  3060 | D:4      | Reached skill level 5 in Fighting
  3060 | D:4      | Reached skill level 5 in Axes
  3060 | D:4      | Reached XP level 5. HP: 45/48 MP: 4/4
  3151 | D:4      | Slain by a scorpion

Illustrated notes

Levels and vault maps discovered:
D:1:      minmay_arrival_three_doors, layout_rooms, basic_ecumenical_altar,
          st_stairs_10, minmay_fountain_box, serial_bayou_crossing
D:2:      layout_loops_cross, serial_rivers, chequers_serial_rivers_micro_e,
          chequers_serial_rivers_large_a, chequers_serial_rivers_micro_b,
          chequers_serial_rivers_large_b, chequers_serial_rivers_room_b,
          chequers_serial_rivers_marsh, nicolae_concentric_dashed_squares_mild
D:3:      layout_loops_corners, nicolae_ru_awakened_eye, slow_altar_1,
          uniq_crazy_yiuf_cottage
D:4:      layout_cave_pools, lightli_sewer_entry_pipes,
          biasface_ghost_orc_armoury

Skill      XL: |  1  2  3  4 |
---------------+-------------+-----
Axes           | 4 5 |  5.4
Fighting       | 4 5 |  5.3
Armour         | 3 |  3.4
Dodging        | 3 |  3.3

Action                   |  1- 3 |  4- 6 || total
-------------------------+-------+-------++-------
Melee: Hand axe          |    73 |    13 ||    86
       Headbutt          |    10 |     3 ||    13
       Whip              |       |    24 ||    24
Armor: Animal skin       |    14 |    13 ||    27
Dodge: Dodged            |    63 |    43 ||   106
